 Dungeon Crawl Stone Soup version 0.22.1-2-g9c5b331383 (webtiles) character file.

621 Jynx the Sneak (level 7, -3/32 HPs)
             Began as a Spriggan Enchanter on Nov 29, 2018.
             Was an Initiate of Ashenzari.
             Slain by a sky beast (5 damage)
             ... on level 5 of the Dungeon.
             The game lasted 00:12:10 (5644 turns).

Jynx the Sneak (Spriggan Enchanter)                 Turns: 5644, Time: 00:12:10

Health: -3/32      AC:  2    Str:  4    XL:     7   Next: 22%
Magic:  10/16      EV: 18    Int: 17    God:    Ashenzari [......]
Gold:   181        SH:  0    Dex: 18    Spells: 4/16 levels left

rFire    . . .     SeeInvis +   q - +3 dagger (venom) (curse)
rCold    . . .     Gourm    .   (shield restricted)
rNeg     . . .     Faith    .   b - +0 robe
rPois    .         Spirit   .   (helmet restricted)
rElec    .         Reflect  .   (no cloak)
rCorr    .         Harm     .   (gloves unavailable)
MR       +....                  (boots unavailable)
Stlth    ++++......             (no amulet)
HPRegen  0.10/turn              i - +1 ring of slaying (curse)
MPRegen  0.15/turn              (no ring)

@: very quick
A: very small, unfitting armour, see invisible, herbivore, speed 3, slow
metabolism 2
a: Curse Item, Renounce Religion


You were on level 5 of the Dungeon.
You worshipped Ashenzari.
Ashenzari was noncommittal.
You were very hungry.

You visited 1 branch of the dungeon, and saw 5 of its levels.

You collected 181 gold pieces.

Inventory:

Hand Weapons
 a - a +1 dagger
 p - a +2 vampiric dagger
 q - a cursed +3 dagger of venom (weapon)
Armour
 b - a +0 robe (worn)
Jewellery
 i - a cursed +1 ring of slaying (left hand)
Wands
 l - a wand of random effects (43)
 t - a wand of enslavement (18)
Scrolls
 m - 6 scrolls of teleportation
 n - a scroll of fear {unknown}
 r - a scroll of blinking {unknown}
Potions
 c - a potion of lignification {unknown}
 f - a potion of might
 g - 2 potions of brilliance
 j - a potion of degeneration {unknown}
 k - 2 potions of heal wounds {unknown}
 o - a potion of cancellation {unknown}
 s - a potion of curing {unknown}
Comestibles
 d - 9 rations


   Skills:
 + Level 4.3 Short Blades
 - Level 3.0 Dodging
 - Level 7.1 Stealth
 + Level 5.4 Spellcasting
 * Level 6.1 Hexes


You had 4 spell levels left.
You knew the following spells:

 Your Spells              Type           Power        Failure   Level  Hunger
a - Corona                Hex            ####...      1%          1    None
b - Ensorcelled Hibernat  Hex/Ice        ##....       6%          2    #......
c - Confuse               Hex            ####....     3%          3    ##.....
d - Tukima's Dance        Hex            ####....     3%          3    ##.....
e - Dazzling Spray        Conj/Hex       ##....       12%         3    ##.....

Your spell library contained the following spells:

 Spells                   Type           Power        Failure   Level  Hunger


Dungeon Overview and Level Annotations

Branches:
Dungeon (5/15)
 Temple: D:4-7

Altars:
Ashenzari
Gozag
Wu Jian


Innate Abilities, Weirdness & Mutations

You are very small and have problems with some larger weapons.
You are too small for most types of armour.
You have supernaturally acute eyesight. (SInv)
You are a herbivore.
You cover ground extremely quickly.
You need to consume almost no food.


Message History

The jelly barely misses you.
Casting: Confuse (safe; 3% risk of failure)
Confirm with . or Enter, or press ? or * to list all spells.
Aiming: Confuse (safe; 3% risk of failure)
Press: ? - help, Shift-Dir - straight line, f/p - jelly
Aim: a jelly (chance to defeat MR: 63%)
The jelly resists with significant effort.
The jelly barely misses you.
You hit the jelly.
Your hands burn!
The jelly is moderately wounded.
The sky beast hits you. The sky beast shocks you.
You hit the jelly.
Your hands burn!
The jelly is heavily wounded.
The jelly hits you.
You are splashed with acid!
The acid burns!
* * * LOW HITPOINT WARNING * * *
The sky beast closely misses you.
You open the door. The sky beast hits you.
* * * LOW HITPOINT WARNING * * *
The sky beast shocks you.
You die...

...#.#######.#
#####.#.#.......#
#.†.#..........%##.
#..................
####...#.##....<...#
#⌠.##+##.⌠#...........
#.
#.........#...........
#.
#.......#J###.....#..
#. #.......#@Y....#.##
. #.+
+..._...'...#.##...
#.. #.......#...#..
...
#..####.......#####!.
.#. #................
###..#⌠.##+##.⌠#..
#.....#.# ### .
#.##....# ##.#.....#


You could see a sky beast (invisible) and a jelly.

Vanquished Creatures
  A phantom (D:4)
  An ogre (D:4)
  2 hounds
  An iguana (D:3)
  4 orc wizards
  Ijyb (D:4)
  Terence (D:3)
  A worker ant (D:4)
  A hound skeleton (D:4)
  9 adders
  5 worms
  6 dart slugs
  A leopard gecko (D:3)
  15 orcs
  2 giant cockroaches (D:1)
  8 goblins
  9 hobgoblins
  3 quokkas
  2 ball pythons
  A ball python skeleton (D:4)
  6 bats
  5 frilled lizards
  3 kobolds
  8 rats
96 creatures vanquished.

Notes
Turn   | Place    | Note
-------+----------+-------------------------------------------
     0 | D:1      | Jynx the Spriggan Enchanter began the quest for the Orb.
     0 | D:1      | Reached XP level 1. HP: 9/9 MP: 5/5
   404 | D:1      | Reached XP level 2. HP: 13/13 MP: 7/7
   510 | D:1      | Learned a level 2 spell: Ensorcelled Hibernation
  1556 | D:1      | Reached XP level 3. HP: 16/16 MP: 8/8
  1939 | D:2      | Reached skill level 5 in Stealth
  2160 | D:2      | Found an ornate altar of the Wu Jian Council.
  2163 | D:2      | Found an opulent altar of Gozag.
  2449 | D:3      | Reached XP level 4. HP: 21/21 MP: 7/10
  2584 | D:3      | Noticed Terence
  2678 | D:2      | Learned a level 3 spell: Confuse
  2845 | D:3      | Reached XP level 5. HP: 24/24 MP: 0/12
  2972 | D:3      | Killed Terence
  3216 | D:3      | Reached skill level 5 in Hexes
  3278 | D:3      | Reached skill level 6 in Stealth
  3426 | D:3      | Reached XP level 6. HP: 2/28 MP: 4/13
  4110 | D:4      | Learned a level 3 spell: Tukima's Dance
  4114 | D:4      | Learned a level 3 spell: Dazzling Spray
  4590 | D:4      | Reached skill level 5 in Spellcasting
  5029 | D:4      | Noticed Ijyb
  5034 | D:4      | Killed Ijyb
  5067 | D:4      | Reached skill level 7 in Stealth
  5067 | D:4      | Reached XP level 7. HP: 32/32 MP: 15/15
  5568 | D:5      | Entered Level 5 of the Dungeon
  5598 | D:5      | Found a shattered altar of Ashenzari.
  5606 | D:5      | Became a worshipper of Ashenzari the Shackled
  5644 | D:5      | Slain by a sky beast

Skill      XL: |  1  2  3  4  5  6  7 |
---------------+----------------------+-----
Spellcasting   | 3 4 5 |  5.4
Hexes          | 4 5 6 |  6.1
Short Blades   | 2 3 4 |  4.3
Stealth        | 5 6 7 |  7.1
Dodging        | |  3.0

Action                   |  1- 3 |  4- 6 |  7- 9 || total
-------------------------+-------+-------+-------++-------
Melee: Dagger            |   139 |   120 |    23 ||   282
 Cast: Corona            |     4 |     5 |       ||     9
       Ensorcelled Hiber |    10 |    30 |     4 ||    44
       Confuse           |       |     7 |     2 ||     9
       Tukima's Dance    |       |     4 |       ||     4
Invok: Curse Item        |       |       |     2 ||     2
  Use: Scroll            |     3 |     3 |     2 ||     8
 Stab: Sleeping          |    15 |    21 |     9 ||    45
       Distracted        |       |     1 |       ||     1
       Confused          |       |     6 |       ||     6
  Eat: Ration            |       |     2 |       ||     2
Armor: Robe              |    16 |     2 |     1 ||    19
Dodge: Dodged            |   125 |    72 |    14 ||   211
